 Dungeon Crawl Stone Soup version 0.30-a0-748-ge6a52f7cba (webtiles) character file.

Game seed: 8427785182917665162

2532 browni3141 the Magician (level 9, -7/63 HPs)
             Began as a Mummy Cinder Acolyte on Feb 8, 2023.
             Was a Priest of Ignis.
             Killed from afar by Maggie (32 damage)
             ... with a bolt of fire
             ... on level 7 of the Dungeon.
             The game lasted 00:15:14 (7427 turns).

browni3141 the Magician (Mummy Cinder Acolyte)      Turns: 7427, Time: 00:15:15

Health: -7/63      AC:  9    Str: 19    XL:     9   Next: 30%
Magic:  18/19      EV:  9    Int: 18    God:    Ignis [***...]
Gold:   220        SH:  0    Dex:  7    Spells: 20/22 levels left

rFire   . . .      SeeInvis .    n - +4 mace "Bourenk" {drain, *Rage +Blink Str+2}
rCold   + . .      Faith    +    (no shield)
rNeg    + + +      Spirit   .    m - +0 scale mail
rPois   ∞          Reflect  .    t - +0 helmet
rElec   .          Harm     .    (no cloak)
rCorr   .          Rampage  .    (no gloves)
Will    +....                    j - +0 pair of boots Stlth
                                 (no amulet)
HPRegen 0.30/turn                (no ring)
MPRegen 0.16/turn                (no ring)

@: no status effects
A: cold resistance 1, negative energy resistance 3, torment resistance 2, heat
vulnerability 1, in touch with death 1, no potions, faith
a: Renounce Religion, Evoke Blink, Fiery Armour, Foxfire Swarm, Rising Flame


You were on level 7 of the Dungeon.
You worshipped Ignis.
Ignis was most pleased with you.
You visited 1 branch of the dungeon, and saw 7 of its levels.
You also visited: Sewer.

You collected 289 gold pieces.
You spent 69 gold pieces at shops.

Inventory:

Hand Weapons
 a - a -1 hand axe of flaming
 h - a +0 mace
 k - a +1 mace of protection
 n - the +4 mace "Bourenk" (weapon) {drain, *Rage +Blink Str+2}
   (You found it on level 3 of the Dungeon)

   Str:       It affects your strength (+2).
   +Blink:    It lets you blink.
   *Rage:     It berserks you when you make melee attacks (+20% chance).
Missiles
 c - 3 throwing nets
 d - 5 curare-tipped darts
 l - 8 poisoned darts
Armour
 b - a +0 robe
 i - a +0 ring mail
 j - a +0 pair of boots (worn)
 m - a +0 scale mail (worn)
 r - an orb of mayhem
 t - a +0 helmet (worn)
Scrolls
 e - 5 scrolls of enchant weapon
 f - 5 scrolls of teleportation
 g - 3 scrolls of silence
 o - a scroll of vulnerability
 p - 3 scrolls of fear
 q - a scroll of enchant armour
 s - a scroll of magic mapping
 v - a scroll of identify
Miscellaneous
 u - a lightning rod (inert)


   Skills:
 - Level 3.0 Fighting
 - Level 2.4(4.9) Axes
 * Level 6.7(7.0) Maces & Flails
 - Level 5.0 Armour
 - Level 2.0 Stealth
 - Level 7.0 Spellcasting
 - Level 4.0 Fire Magic


You had 20 spell levels left.
You knew the following spells:

 Your Spells              Type           Power      Damage    Failure   Level
a - Scorch                Fire           40%        2d7       9%          2

Your spell library contained the following spells:

 Spells                   Type           Power      Damage    Failure   Level
 Freeze                   Ice            24%        1d4       30%         1
 Sandblast                Erth           12%        2d6       30%         1
 Passwall                 Tmut/Erth      5%         N/A       41%         2
 Frozen Ramparts          Ice            12%        1d2       65%         3
 Hailstorm                Conj/Ice       6%         3d4       65%         3
 Stone Arrow              Conj/Erth      12%        3d7       65%         3
 Flame Wave               Conj/Fire      13%        2d6       78%         4
 Summon Cactus Giant      Summ           3%         N/A       100%        6


Dungeon Overview and Level Annotations

Branches:
Dungeon (7/15)             Temple (0/1) D:4           Sewer (visited)

Altars:
Ashenzari
Cheibriados
Makhleb
Nemelex Xobeh
Vehumet

Shops:
D:3 *   D:4 (

Annotations:
D:7 Maggie


Innate Abilities, Weirdness & Mutations

You are immune to poison.
Your flesh is cold resistant. (rC+)
You are immune to negative energy. (rN+++)
You are immune to unholy pain and torment.
You are vulnerable to heat. (rF-)
You are in touch with the powers of death.
You do not drink.
You have a special connection with the divine. (Faith)


Message History

The thunderbolt hits Maggie!
Maggie is heavily wounded.
The thunderbolt hits the gnoll!
You kill the gnoll!
A gnoll comes into view. It is wielding a +0 club.
Aiming: Thunderbolt
Press: ? - help, Shift-Dir - straight line, f - Maggie
Aim: Maggie, wielding a +1 morningstar of flaming and wearing +1 steam dragon scales (heavily wounded, mesmerising, more vulnerable to fire)
The thunderbolt hits Maggie!
Maggie is severely wounded.
The thunderbolt hits the gnoll!
The gnoll is almost dead.
The lightning rod overheats!
You hear a shout!
Maggie barely misses you.
A gnoll comes into view. It is wielding a +0 club.
Okay, then.
You barely miss Maggie.
Maggie is severely wounded.
A gnoll comes into view. It is wielding a +0 spear.
Maggie hits you with a +1 morningstar of flaming!
Maggie burns you.
You hit Maggie but do no damage. You drain Maggie.
Maggie is almost dead.
Maggie hits you with a +1 morningstar of flaming.
Maggie burns you. The gnoll barely misses you.
Maggie hits you with a +1 morningstar of flaming!
Maggie burns you. The gnoll barely misses you.
You hit Maggie.
Maggie is almost dead.
You break out of your daze.
Maggie closely misses you. The gnoll hits you with a +0 club.
The gnoll closely misses you. The gnoll hits you but does no damage.
You hit Maggie but do no damage. Your punch misses Maggie.
Maggie is almost dead.
Maggie is no longer more vulnerable to fire.
Maggie casts a spell at you. The bolt of fire hits you!!
Ouch! That really hurt!
You die...

..#..#########........#
#...## #.##.###.#
##.....# #.##.# #.#
######.# #)##.# #.# # #
#.##.# #.# # #.##.# #.#
# ######.##.###.#
#........gg)..#
.##..@@###.# #.g### #.#
#..# #.# #..# #.# #.)§
#@# ##.. #.# ### #g#


You could see Maggie (drained) and 3 gnolls.

Vanquished Creatures
  Joseph (D:7)
  2 steam dragons (D:6)
  Duvessa (D:5)
  An ice beast (D:5)
  A sky beast (D:3)
  A black bear (D:6)
  An ogre (D:6)
  A centaur (D:7)
  A phantom (D:5)
  4 bullfrogs
  A gnoll sergeant (D:6)
  5 scorpions
  4 hounds
  A jelly (D:4)
  2 orc priests (D:7)
  3 iguanas (D:5)
  Terence (D:2)
  3 orc wizards
  10 gnolls
  7 adders
  A white imp (D:5)
  An ufetubus (D:5)
  2 worms
  A dart slug (D:5)
  14 orcs
  10 bats
  8 endoplasms
  10 giant cockroaches
  7 goblins
  5 hobgoblins
  3 jackals (D:4)
  5 quokkas
  6 ball pythons
  11 frilled lizards
  4 kobolds
  7 rats
146 creatures vanquished.

Vanquished Creatures (collateral kills)
  Dowan (D:5)
1 creature vanquished.

Vanquished Creatures (others)
  10 foxfires (D:7)
  4 fungi (D:6)
14 creatures vanquished.

Grand Total: 161 creatures vanquished

Notes
Turn   | Place    | Note
-------+----------+-------------------------------------------
     0 | D:1      | browni3141 the Mummy Cinder Acolyte began the quest for the
                  | Orb.
     0 | D:1      | Reached XP level 1. HP: 18/18 MP: 2/2
    86 | D:1      | Reached skill level 2 in Spellcasting
   208 | D:1      | Reached XP level 2. HP: 21/24 MP: 5/5
   284 | D:1      | Reached skill level 3 in Spellcasting
   289 | D:1      | Learned a level 2 spell: Scorch
   534 | D:1      | Found a faded altar of an unknown god.
   833 | D:2      | Reached skill level 1 in Stealth
   995 | D:2      | Gained mutation: You are in touch with the powers of death.
                  | [Mummy growth]
   995 | D:2      | Reached XP level 3. HP: 9/29 MP: 7/7
  1239 | D:2      | Noticed Terence
  1254 | D:2      | Killed Terence
  1621 | D:2      | Reached XP level 4. HP: 35/35 MP: 2/9
  1623 | D:2      | Reached skill level 4 in Spellcasting
  1863 | D:3      | Identified the +4 mace "Bourenk" {drain, *Rage +Blink
                  | Str+2}
  2317 | D:3      | Found Yrphoyv's Assorted Antiques.
  2343 | D:3      | Bought a scroll labelled SODAL VAULEYMU for 23 gold pieces
  2343 | D:3      | Bought a scroll labelled NIATOE AGYZ for 23 gold pieces
  2343 | D:3      | Bought a scroll labelled EHYQ APUMNESS for 23 gold pieces
  2356 | D:3      | Found a burning altar of Makhleb.
  2421 | D:3      | Identified the +1 robe of Grace {Str+2}
  2639 | D:4      | Noticed a sky beast
  2640 | D:4      | Reached skill level 1 in Armour
  2671 | D:3      | Killed a sky beast
  2672 | D:3      | Reached skill level 1 in Maces & Flails
  2672 | D:3      | Reached XP level 5. HP: 30/41 MP: 0/11
  3164 | D:4      | Reached XP level 6. HP: 47/47 MP: 7/12
  3265 | D:4      | Found a staircase to the Ecumenical Temple.
  3469 | D:4      | Found Zuzyel Fitt's Antique Weapon Emporium.
  3489 | D:4      | Found a snail-covered altar of Cheibriados.
  3600 | D:5      | Entered Level 5 of the Dungeon
  3604 | D:5      | Noticed an ice beast
  3760 | D:5      | Noticed Duvessa
  3763 | D:5      | Noticed Dowan
  3772 | D:5      | Killed Dowan
  3776 | D:5      | Killed Duvessa
  3777 | D:5      | Reached XP level 7. HP: 23/52 MP: 0/13
  3875 | D:5      | Found a glowing drain.
  3890 | Sewer    | Entered a sewer
  4565 | D:5      | Reached skill level 5 in Spellcasting
  4782 | D:5      | Reached XP level 8. HP: 58/58 MP: 8/15
  5280 | D:6      | Reached skill level 6 in Spellcasting
  5584 | D:6      | Reached skill level 5 in Armour
  5589 | D:6      | Reached skill level 7 in Spellcasting
  5589 | D:6      | Reached skill level 5 in Maces & Flails
  6910 | D:7      | Reached XP level 9. HP: 60/63 MP: 12/19
  6910 | D:7      | Noticed Joseph
  6931 | D:7      | Killed Joseph
  7322 | D:7      | Found a radiant altar of Vehumet.
  7322 | D:7      | Found a sparkling altar of Nemelex Xobeh.
  7323 | D:7      | Found a broken altar of Ashenzari.
  7410 | D:7      | Noticed Maggie
  7427 | D:7      | Killed from afar by Maggie

Illustrated notes

Levels and vault maps discovered:
D:1:      minmay_arrival_shoal_huts, layout_loops_cross, basic_ecumenical_altar,
          minmay_pentomino_q2
D:2:      layout_loops_ring, uniq_terence
D:3:      layout_basic, bloody_makhleb, serial_shops,
          nicolae_shop_window_shopping, kennysheep_generic_room_8
D:4:      layout_basic, cheibriados_altar_1, minmay_temple_entry_poolview,
          serial_shops, nicolae_diamond_shop
D:5:      layout_loops_ring, cheibrodos_sewer_entry_drain, uniq_duvessa
D:6:      kennysheep_steamy, layout_basic, grunt_decor_resistance
D:7:      layout_loops_ring, chequers_temple_overflow_statue_of_worship,
          uniq_maggie, uniq_joseph

Skill      XL: |  1  2  3  4  5  6  7  8  9 |
---------------+----------------------------+-----
Spellcasting   | 2 3 4 5 7 |  7.0
Stealth        | 1 2 |  2.0
Armour         | 2 3 4 5 |  5.0
Maces & Flails | 1 2 3 4 6 |  6.7
Fire Magic     | 3 4 |  4.0
Fighting       | |  3.0
Axes           | |  2.4

Action                     |  1- 3 |  4- 6 |  7- 9 || total
---------------------------+-------+-------+-------++-------
  Melee: Hand axe          |    58 |       |       ||    58
         Mace              |    67 |    31 |    60 ||   158
   Cast: Scorch            |    16 |    50 |    93 ||   159
 Invoke: Fiery Armour      |     1 |     2 |     2 ||     5
         Foxfire Swarm     |       |       |     1 ||     1
Ability: Evoke Blink       |       |       |     1 ||     1
  Evoke: Lightning rod     |       |       |     6 ||     6
    Use: Scroll            |       |    10 |     2 ||    12
 Armour: Robe              |    11 |       |       ||    11
         Ring mail         |    43 |    11 |       ||    54
         Scale mail        |       |    22 |    64 ||    86
  Dodge: Dodged            |    90 |    46 |    79 ||   215

Table legend: (Time is in decaauts)
 A = Elapsed time spent in this place.
 B = Non-inter-level travel time spent in this place.
 C = Inter-level travel time spent in this place.
 D = Time resting spent in this place.
 E = Time spent auto-exploring this place.
 F = Levels seen in this place.
 G = Mean time per level.
                   A        B        C        D        E       F      G
               +--------+--------+--------+--------+--------+-----+--------+
         Total |   7515 |   7246 |    269 |    322 |   5466 |   8 |  939.4 |
       Dungeon |   6871 |   6602 |    269 |    308 |   5005 |   7 |  981.6 |
         Sewer |    643 |    643 |      0 |     14 |    460 |   1 |  643.0 |
               +--------+--------+--------+--------+--------+-----+--------+

Top non-repeatable levels by time:
     D:6: 1599 daAuts
     D:2: 974 daAuts
     D:5: 971 daAuts
     D:3: 946 daAuts
     D:1: 908 daAuts
     D:4: 811 daAuts
     D:7: 659 daAuts
   Sewer: 643 daAuts
